 Dungeon Crawl Stone Soup version 0.21.1-1-g345015fe64 (webtiles) character file.

841 LevaFresel the Chopper (level 8, -3/61 HPs)
             Began as a Human Fighter on June 15, 2018.
             Was an Initiate of Makhleb.
             Slain by an orc
             ... wielding a +0 trident
              (6 damage)
             ... on level 8 of the Dungeon.
             The game lasted 00:21:22 (5068 turns).

LevaFresel the Chopper (Human Fighter)              Turns: 5068, Time: 00:21:23

Health: -3/61      AC:  9    Str: 19    XL:     8   Next: 19%
Magic:  9/9        EV:  9    Int:  9    God:    Makhleb [......]
Gold:   248        SH:  9    Dex: 12    Spells: 7/7 levels left

rFire    . . .     SeeInvis .   a - +0 war axe
rCold    . . .     Gourm    .   c - +0 shield
rNeg     . . .     Faith    .   b - +0 scale mail
rPois    .         Spirit   .   j - +0 helmet
rElec    .         Reflect  .   d - +0 cloak
rCorr    .         Harm     .   (no gloves)
MR       .....                  (no boots)
Stlth    ..........             (no amulet)
HPRegen  0.20/turn              (no ring)
MPRegen  0.11/turn              (no ring)

@: no status effects
A: no striking features
a: Renounce Religion


You were on level 8 of the Dungeon.
You worshipped Makhleb.
Makhleb was noncommittal.
You were not hungry.

You visited 2 branches of the dungeon, and saw 9 of its levels.

You collected 248 gold pieces.

Inventory:

Hand Weapons
 a - a +0 war axe (weapon)
Armour
 b - a +0 scale mail (worn)
 c - a +0 shield (worn)
 d - a +0 cloak (worn)
 j - a +0 helmet (worn)
 r - a cursed +0 pair of gloves
 s - a scarf of repulsion
Wands
 p - a wand of enslavement (13)
 u - a wand of digging (3)
 w - a wand of scattershot (7)
Scrolls
 e - 2 scrolls of amnesia {unknown}
 g - a scroll of fear {unknown}
 h - 4 scrolls of identify
 k - a scroll of random uselessness {unknown}
 l - a scroll of immolation {unknown}
 o - a scroll of teleportation {unknown}
 q - a scroll of enchant armour {unknown}
 t - 3 scrolls of remove curse {unknown}
Potions
 i - a potion of brilliance {unknown}
 m - 3 potions of agility {unknown}
 n - 2 potions of flight {unknown}
 v - a potion of cancellation {unknown}
Comestibles
 f - 4 rations


   Skills:
 + Level 4.5 Fighting
 * Level 5.3 Axes
 + Level 4.4 Armour
 + Level 3.2 Dodging
 + Level 4.5 Shields
 + Level 1.5 Evocations


You had 7 spell levels left.
You didn't know any spells.

Dungeon Overview and Level Annotations

Branches:
Dungeon (8/15)             Temple (1/1) D:5
   Lair: D:8-11

Altars:
Ashenzari
Cheibriados
Dithmenos
Elyvilon
Fedhas
Gozag
Hepliaklqana
Kikubaaqudgha
Makhleb
Nemelex Xobeh
Okawaru
Qazlal
Ru
Sif Muna
Trog
Uskayaw
Vehumet
Wu Jian
Xom
Yredelemnul
Zin

Annotations:
D:3 Kohma's ghost, amateur TrMo
D:6 zluc's ghost, amateur FoAK
D:7 getche's ghost, novice MiBe


Message History

You slash the orc!
You kill the orc!
Makhleb accepts your kill.
You hit the phantom but do no damage. The phantom hits you!
* * * LOW HITPOINT WARNING * * *
The phantom hits you but does no damage.
An orc comes into view. It is wielding a trident.
Your shield and scale mail prevent you from hitting the orc.
You slash the phantom! The orc closely misses you.
The phantom hits you but does no damage.
You closely miss the orc. You hit the phantom. You block the phantom's attack.
The orc closely misses you. The orc hits you with a club.
* * * LOW HITPOINT WARNING * * *
An orc comes into view. It is wielding a mace.
You closely miss the orc. You hit the phantom but do no damage.
You block the phantom's attack. The orc hits you but does no damage.
The orc barely misses you.
The phantom blinks!
You closely miss the orc.
The orc hits you from afar with a trident.
You die...

#####
#.@.#
#oo...#
oo.#.###
###W..#
###.# ##


You could see a phantom and 4 orcs.

Vanquished Creatures
  An ice beast (D:5)
  A slave (D:8)
  An ogre (D:4)
  2 scorpions
  A howler monkey (D:4)
  A crimson imp (D:5)
  A quasit (D:6)
  3 orc priests
  2 orc wizards (D:4)
  A hound (D:4)
  An iguana (D:4)
  Crazy Yiuf (D:2)
  2 worker ants (D:4)
  Terence (D:2)
  A hound zombie (D:5)
  4 adders
  A shadow imp (D:5)
  An ooze (D:1)
  An adder skeleton (D:4)
  2 worms (D:2)
  4 dart slugs
  4 leopard geckos
  18 orcs
  A ball python (D:2)
  8 bats
  A giant cockroach (D:4)
  3 goblins
  3 hobgoblins
  3 jackals (D:6)
  5 kobolds
  3 frilled lizards
  5 rats
  2 fungi (D:2)
89 creatures vanquished.

Notes
Turn   | Place    | Note
-------+----------+-------------------------------------------
     0 | D:1      | LevaFresel the Human Fighter began the quest for the Orb.
     0 | D:1      | Reached XP level 1. HP: 18/18 MP: 1/1
   347 | D:1      | Reached XP level 2. HP: 23/24 MP: 2/2
   761 | D:1      | Reached XP level 3. HP: 29/29 MP: 3/3
  1143 | D:2      | Noticed Terence
  1152 | D:2      | Killed Terence
  1152 | D:2      | Reached skill level 1 in Dodging
  1152 | D:2      | Reached XP level 4. HP: 33/35 MP: 4/4
  1186 | D:2      | Reached skill level 3 in Axes
  1370 | D:2      | Found a runed door.
  1375 | D:2      | Noticed Crazy Yiuf
  1380 | D:2      | Killed Crazy Yiuf
  1707 | D:2      | Reached XP level 5. HP: 34/41 MP: 5/5
  2098 | D:3      | Noticed Kohma's ghost (amateur TrMo)
  2273 | D:4      | Reached XP level 6. HP: 23/48 MP: 6/6
  2283 | D:4      | Reached skill level 4 in Axes
  2804 | D:4      | Got a dazzling scale mail
  2819 | D:4      | Identified the +3 scale mail of the Sky {*Contam Int+4 Dex+2} (You found it on level 4 of the Dungeon)
  3110 | D:4      | Reached XP level 7. HP: 42/54 MP: 7/7
  3487 | D:4      | Found a shadowy altar of Dithmenos.
  3742 | D:5      | Entered Level 5 of the Dungeon
  3918 | D:6      | Noticed zluc's ghost (amateur FoAK)
  3959 | D:7      | Noticed getche's ghost (novice MiBe)
  3997 | D:6      | Reached skill level 1 in Evocations
  4253 | D:5      | Found an opulent altar of Gozag.
  4253 | D:5      | Found an ancient bone altar of Kikubaaqudgha.
  4255 | D:5      | Found an ornate altar of the Wu Jian Council.
  4257 | D:5      | Found a bloodstained altar of Trog.
  4258 | D:5      | Found a deep blue altar of Sif Muna.
  4267 | D:5      | Reached skill level 5 in Axes
  4407 | D:5      | Reached XP level 8. HP: 61/61 MP: 8/8
  4422 | D:5      | Found a staircase to the Ecumenical Temple.
  4622 | Temple   | Entered the Ecumenical Temple
  4639 | Temple   | Became a worshipper of Makhleb the Destroyer
  5066 | D:8      | HP: 2/61 [orc/club (3)]
  5068 | D:8      | Slain by an orc

Skill      XL: |  1  2  3  4  5  6  7 |
---------------+----------------------+-----
Dodging        | 1 2 3 |  3.2
Axes           | 3 4 5 |  5.3
Shields        | 4 |  4.5
Fighting       | 4 |  4.5
Armour         | 4 |  4.4
Evocations     | 1 |  1.5

Action                   |  1- 3 |  4- 6 |  7- 9 || total
-------------------------+-------+-------+-------++-------
Melee: War axe           |    69 |   168 |   150 ||   387
Evoke: Wand              |       |       |     2 ||     2
  Use: Potion            |       |     1 |       ||     1
       Scroll            |       |     1 |       ||     1
  Eat: Ration            |       |     2 |     2 ||     4
Armor: Scale mail        |    29 |    70 |    93 ||   192
Dodge: Dodged            |    23 |    52 |    78 ||   153
Block: Shield            |    29 |    93 |    99 ||   221
